 Dungeon Crawl Stone Soup version 0.30-a0-586-g23e55c9e0a (webtiles) character file.

Game seed: 14254157573044600062

126 wormed the Stinger (level 5, -8/55 HPs)
             Began as a Gnoll Wanderer on Jan 3, 2023.
             Killed by divine providence
             ... invoked by an orc priest
              (11 damage)
             ... on level 3 of the Dungeon.
             The game lasted 00:03:10 (2095 turns).

wormed the Stinger (Gnoll Wanderer)                 Turns: 2095, Time: 00:03:10

Health: -8/55      AC: 22    Str: 12    XL:     5   Next: 10%
Magic:  9/9        EV:  2    Int: 12    God:
Gold:   137        SH:  0    Dex: 12    Spells: 9/10 levels left

rFire   . . .      SeeInvis .    a - +0 hand axe
rCold   . . .      Faith    .    (no shield)
rNeg    . . .      Spirit   .    (body armour currently unavailable)
rPois   +          Reflect  .    (helmet currently unavailable)
rElec   .          Harm     .    (cloak currently unavailable)
rCorr   .          Rampage  .    (gloves currently unavailable)
Will    .....      NoTele   +    (boots currently unavailable)
Stlth   ++                       (no amulet)
HPRegen 0.29/turn                (no ring)
MPRegen 0.11/turn                (no ring)

@: tree-form
A: stationary, stasis, torment immunity, boosted hp, (fangs 1), strong nose,
distributed training
a: no special abilities


You were on level 3 of the Dungeon.
You were a tree.
You visited 1 branch of the dungeon, and saw 3 of its levels.

You collected 137 gold pieces.

Inventory:

Hand Weapons
 a - a +0 hand axe (weapon)
 o - a +0 broad axe
Missiles
 j - 4 poisoned darts
Armour
 d - a +0 leather armour
 e - an orb of energy
 p - a +0 robe of resistance (melded)
Wands
 b - a wand of polymorph (5)
Scrolls
 f - a scroll of fear {unknown}
 l - a scroll of enchant armour {unknown}
 m - a scroll of immolation {unknown}
 q - a scroll of enchant weapon {unknown}
Potions
 g - 2 potions of degeneration {unknown}
 h - 3 potions of curing {unknown}
 i - a potion of ambrosia {unknown}
 k - 2 potions of haste {unknown}
 n - 2 potions of heal wounds {unknown}
 r - a potion of brilliance {unknown}


   Skills:
 + Level 1.4 Fighting
 + Level 1.4 Short Blades
 + Level 1.4 Long Blades
 + Level 2.9 Axes
 + Level 1.4 Maces & Flails
 + Level 1.4 Polearms
 + Level 1.4 Staves
 + Level 1.4 Ranged Weapons
 + Level 1.4 Throwing
 + Level 1.4 Armour
 + Level 4.7 Dodging
 + Level 2.7 Stealth
 + Level 1.4 Shields
 + Level 1.4 Unarmed Combat
 + Level 3.1 Spellcasting
 + Level 1.1 Conjurations
 + Level 1.1 Hexes
 + Level 1.1 Summonings
 + Level 1.1 Necromancy
 + Level 1.1 Translocations
 + Level 1.1 Transmutations
 + Level 1.1 Fire Magic
 + Level 1.1 Ice Magic
 + Level 1.1 Air Magic
 + Level 1.1 Earth Magic
 + Level 5.5 Poison Magic
 + Level 3.0 Invocations
 + Level 2.9 Evocations


You had 9 spell levels left.
You knew the following spells:

 Your Spells              Type           Power      Damage    Failure   Level
a - Sting                 Tmut/Pois      36%        1d4       6%          1

Your spell library contained the following spells:

 Spells                   Type           Power      Damage    Failure   Level
 Olgreb's Toxic Radiance  Pois           15%        N/A       24%         4
 Mephitic Cloud           Conj/Pois/Air  8%         N/A       26%         3
 Portal Projectile        Hex/Tloc       8%         N/A       41%         3
 Tukima's Dance           Hex            4%         N/A       41%         3
 Blade Hands              Tmut           2%         N/A       99%         5


Dungeon Overview and Level Annotations

Branches:
Dungeon (3/15)

Altars:


Innate Abilities, Weirdness & Mutations

You are a tree.
Your roots penetrate the ground, keeping you stationary.
You cannot be teleported.
You are immune to unholy pain and torment.
Your maximum health is greatly increased.
Your equipment is partially melded.
((You have very sharp teeth.))
Your uncanny sense of smell can sniff out nearby items.
Your experience applies equally to all skills.


Message History

You slash the orc priest!
The orc priest is heavily wounded.
You hit the orc but do no damage. You barely miss the orc.
The orc hits you but does no damage.
The orc priest hits you with a +0 dagger.
* * * LOW HITPOINT WARNING * * *
The orc hits you but does no damage.
You hit the orc priest but do no damage.
The orc priest is heavily wounded.
You hit the orc but do no damage. You closely miss the orc.
The orc barely misses you.
The orc priest casts a cantrip, but nothing happens.
The orc hits you with a +0 mace.
* * * LOW HITPOINT WARNING * * *
You slash the orc priest!
The orc priest is almost dead.
You hit the orc.
You kill the orc!
You hit the orc but do no damage. The orc hits you but does no damage.
The orc priest hits you but does no damage.
You closely miss the orc priest.
The orc priest is almost dead.
You closely miss the orc. You hit the orc.
The orc hits you with a +0 short sword.
* * * LOW HITPOINT WARNING * * *
The orc hits you but does no damage.
The orc priest hits you but does no damage.
You closely miss the orc priest.
The orc priest is almost dead.
You hit the orc. You closely miss the orc.
The orc hits you but does no damage. x2
The orc priest hits you but does no damage.
You closely miss the orc priest.
The orc priest is almost dead.
You closely miss the orc. You hit the orc but do no damage.
The orc hits you with a +0 short sword.
* * * LOW HITPOINT WARNING * * *
The orc hits you but does no damage.
The orc priest mumbles some strange prayers to Beogh against you.
Beogh smites you!
You die...

......#.#
##......#
#......###########
##...#...........#
###)############.#
# #.# #.# #.# #.#
##'## #.# ##...##
#♣# #.....##
#...ooo...#
.......##
#....oo###.#
........# #......#
........+.........
........###.....##
.......## #.....
#.....## ##....∆
##...##


You could see an orc priest and 4 orcs.

Vanquished Creatures
  A scorpion (D:2)
  Terence (D:2)
  A dart slug (D:1)
  2 orcs (D:3)
  3 endoplasms
  2 giant cockroaches
  5 hobgoblins
  4 jackals
  A quokka (D:1)
  2 ball pythons
  3 bats
  2 frilled lizards
  5 goblins
  5 kobolds
  5 rats
42 creatures vanquished.

Notes
Turn   | Place    | Note
-------+----------+-------------------------------------------
     0 | D:1      | wormed the Gnoll Wanderer began the quest for the Orb.
     0 | D:1      | wormed set off with the following items: a +0 hand axe, a
                  | wand of polymorph (6), a potion of lignification, a +0
                  | leather armour; and the following spell memorised: Sting;
                  | and the following spells available to memorise: Olgreb's
                  | Toxic Radiance, Mephitic Cloud.
     0 | D:1      | Reached XP level 1. HP: 13/13 MP: 4/4
   288 | D:1      | Reached XP level 2. HP: 18/19 MP: 5/5
   871 | D:1      | Reached XP level 3. HP: 13/25 MP: 7/7
  1108 | D:2      | Noticed Terence
  1121 | D:2      | Killed Terence
  1122 | D:2      | Reached skill level 1 in Fighting
  1122 | D:2      | Reached skill level 1 in Short Blades
  1122 | D:2      | Reached skill level 1 in Long Blades
  1122 | D:2      | Reached skill level 1 in Maces & Flails
  1122 | D:2      | Reached skill level 1 in Polearms
  1122 | D:2      | Reached skill level 1 in Staves
  1122 | D:2      | Reached skill level 1 in Ranged Weapons
  1122 | D:2      | Reached skill level 1 in Throwing
  1122 | D:2      | Reached skill level 1 in Armour
  1122 | D:2      | Reached skill level 1 in Shields
  1122 | D:2      | Reached skill level 1 in Unarmed Combat
  1237 | D:2      | Reached XP level 4. HP: 29/32 MP: 5/8
  1440 | D:2      | Noticed Sigmund
  1688 | D:2      | Sigmund changed into Sigmund the scorpion
  1688 | D:2      | Noticed Sigmund
  1693 | D:2      | Killed Sigmund the scorpion
  1694 | D:2      | Reached skill level 1 in Conjurations
  1694 | D:2      | Reached skill level 1 in Hexes
  1694 | D:2      | Reached skill level 1 in Summonings
  1694 | D:2      | Reached skill level 1 in Necromancy
  1694 | D:2      | Reached skill level 1 in Translocations
  1694 | D:2      | Reached skill level 1 in Transmutations
  1694 | D:2      | Reached skill level 1 in Fire Magic
  1694 | D:2      | Reached skill level 1 in Ice Magic
  1694 | D:2      | Reached skill level 1 in Air Magic
  1694 | D:2      | Reached skill level 1 in Earth Magic
  1694 | D:2      | Reached XP level 5. HP: 22/37 MP: 0/9
  2095 | D:3      | Killed from afar by an orc priest

Illustrated notes

Levels and vault maps discovered:
D:1:      lightli_arrival_windingriver, layout_basic
D:2:      layout_basic, uniq_terence, uniq_sigmund
D:3:      layout_loops_corners, lemuel_crystal_altar,
          gammafunk_ghost_gnarly_gnolls

Skill      XL: |  1  2  3  4 |
---------------+-------------+-----
Fighting       | 1 |  1.4
Short Blades   | 1 |  1.4
Long Blades    | 1 |  1.4
Maces & Flails | 1 |  1.4
Polearms       | 1 |  1.4
Staves         | 1 |  1.4
Ranged Weapons | 1 |  1.4
Throwing       | 1 |  1.4
Armour         | 1 |  1.4
Shields        | 1 |  1.4
Unarmed Combat | 1 |  1.4
Spellcasting   | 3 |  3.1
Conjurations   | 1 |  1.1
Hexes          | 1 |  1.1
Summonings     | 1 |  1.1
Necromancy     | 1 |  1.1
Translocations | 1 |  1.1
Transmutations | 1 |  1.1
Fire Magic     | 1 |  1.1
Ice Magic      | 1 |  1.1
Air Magic      | 1 |  1.1
Earth Magic    | 1 |  1.1
Invocations    | 3 |  3.0
Axes           | |  2.9
Dodging        | |  4.7
Stealth        | |  2.7
Poison Magic   | |  5.5
Evocations     | |  2.9

Action                   |  1- 3 |  4- 6 || total
-------------------------+-------+-------++-------
Melee: Hand axe          |    79 |    36 ||   115
       Bite              |     6 |     2 ||     8
       Punch             |     1 |     1 ||     2
 Cast: Sting             |     8 |    15 ||    23
Evoke: Wand              |       |     1 ||     1
  Use: Potion            |     1 |     1 ||     2
 Stab: Sleeping          |     3 |       ||     3
Armor: Leather armour    |    24 |       ||    24
       Skin              |    11 |    21 ||    32
       Robe              |       |     2 ||     2
Dodge: Dodged            |    71 |    28 ||    99

Table legend: (Time is in decaauts)
 A = Elapsed time spent in this place.
 B = Non-inter-level travel time spent in this place.
 C = Inter-level travel time spent in this place.
 D = Time resting spent in this place.
 E = Time spent auto-exploring this place.
 F = Levels seen in this place.
 G = Mean time per level.
                   A        B        C        D        E       F      G
               +--------+--------+--------+--------+--------+-----+--------+
         Total |   2116 |   2098 |     18 |    316 |   1417 |   3 |  705.3 |
       Dungeon |   2116 |   2098 |     18 |    316 |   1417 |   3 |  705.3 |
               +--------+--------+--------+--------+--------+-----+--------+

Top non-repeatable levels by time:
     D:1: 1052 daAuts
     D:2: 1003 daAuts
     D:3: 60 daAuts
